 Dungeon Crawl Stone Soup version 0.29-a0-824-gd827844252 (webtiles) character file.

Game seed: 6386274597223289298

248 gobodom the Stinger (level 5, -8/36 HPs)
             Began as a Demonspawn Venom Mage on July 11, 2022.
             Killed by divine providence
             ... invoked by an orc priest
              (12 damage)
             ... on level 3 of the Dungeon.
             The game lasted 00:07:53 (3867 turns).

gobodom the Stinger (Demonspawn Venom Mage)         Turns: 3867, Time: 00:07:56

Health: -8/36      AC:  3    Str:  9    XL:     5   Next: 86%
Magic:  4/9        EV: 12    Int: 18    God:
Gold:   254        SH:  0    Dex: 13    Spells: 7/10 levels left

rFire   . . .      SeeInvis .   d - +1 short sword (speed)
rCold   . . .      Faith    .   (no shield)
rNeg    . . .      Spirit   .   a - +0 robe
rPois   +          Reflect  .   j - +0 helmet
rElec   .          Harm     .   (no cloak)
rCorr   .          Rampage  .   (no gloves)
Will    .....                   (no boots)
Stlth   ++........              c - amulet of the acrobat
HPRegen 2.12/turn               o - ring of poison resistance
MPRegen 0.11/turn               (no ring)

@: no status effects
A: powered by death 2
a: no special abilities


You were on level 3 of the Dungeon.
You visited 1 branch of the dungeon, and saw 3 of its levels.

You collected 254 gold pieces.

Inventory:

Hand Weapons
 d - a +1 short sword of speed (weapon)
Missiles
 h - 5 curare-tipped darts
Armour
 a - a +0 robe (worn)
 j - a +0 helmet (worn)
Magical Staves
 e - a staff of fire
Jewellery
 c - an amulet of the acrobat (around neck)
 o - a ring of poison resistance (left hand)
Scrolls
 f - a scroll of fear
 l - a scroll of torment
 m - a scroll of immolation
 n - a scroll of teleportation {unknown}
Potions
 b - 3 potions of magic
 g - a potion of heal wounds
 i - 3 potions of flight


   Skills:
 + Level 0.4 Fighting
 + Level 0.9 Short Blades
 + Level 2.2 Dodging
 + Level 2.3 Stealth
 + Level 3.3 Spellcasting
 + Level 2.2 Transmutations
 + Level 4.5 Poison Magic


You had 7 spell levels left.
You knew the following spells:

 Your Spells              Type           Power      Damage    Failure   Level
a - Sting                 Tmut/Pois      60%        1d6       3%          1
b - Poisonous Vapours     Pois/Air       22%        N/A       10%         2

Your spell library contained the following spells:

 Spells                   Type           Power      Damage    Failure   Level
 Olgreb's Toxic Radiance  Pois           19%        N/A       24%         4
 Mephitic Cloud           Conj/Pois/Air  8%         N/A       26%         3


Dungeon Overview and Level Annotations

Branches:
Dungeon (3/15)

Altars:
Gozag
Xom

Shops:
D:2 (


Innate Abilities, Weirdness & Mutations

You regenerate health from kills.


Message History

Aiming: Sting (safe; 4% risk of failure)
Press: ? - help, Shift-Dir - straight line, f/p - orc wizard
Aim: an orc wizard, wielding a +0 dagger and wearing a +0 robe (lightly wounded, poisoned, 64% to hit)
The sting hits the orc wizard.
The orc wizard looks even sicker.
The orc wizard is lightly wounded.
The orc wizard misses you.
The orc priest mumbles some strange prayers to Beogh against you.
Beogh smites you!
* * * LOW HITPOINT WARNING * * *
You feel much better.
The orc wizard gestures at you while chanting.
The puff of flame hits you.
Casting: Sting (safe; 4% risk of failure)
Confirm with . or Enter, or press ? or * to list all spells.
Aiming: Sting (safe; 4% risk of failure)
Press: ? - help, Shift-Dir - straight line, f/p - orc wizard
Aim: an orc wizard, wielding a +0 dagger and wearing a +0 robe (moderately wounded, very poisoned, 64% to hit)
The sting hits the orc wizard.
The orc wizard looks even sicker.
The orc wizard is heavily wounded.
The orc wizard hits you with a +0 dagger.
You hit the orc wizard.
The orc wizard is severely wounded.
The orc wizard mumbles some strange words.
The orc wizard flickers and vanishes!
Deactivating autopickup; reactivate with Ctrl-A.
You barely miss something.
Reactivating autopickup.
You feel a bit more experienced.
You hit the goblin but do no damage. You barely miss the goblin.
The orc priest calls down the wrath of Beogh upon you.
Beogh smites you! The goblin misses you.
You hit the goblin.
You kill the goblin!
The orc priest mumbles some strange prayers to Beogh against you.
Beogh smites you!
* * * LOW HITPOINT WARNING * * *
The orc priest mumbles some strange prayers to Beogh against you.
Beogh smites you!
You die...

######.#.....#......#
# #.#.#..##.#.. .#.
#.#.............
###.#.....#.#.#.#####
#...#.....#.#.......
#.#.#.......#.#..##
###.###....#........#
##.....##...#.##.#.###
#.8...8.#...#..#@# #
#.......#.####.#o#
...._.....# #.#.#
#.......### #.o)#
#.8...8.#......o.#
##.....########..#
###.### .... #..#
###.. ..... ...<


You could see 2 orc priests and an orc.

Vanquished Creatures
  Jessica (D:3)
  Natasha (thrice) (D:3)
  An orc wizard (D:3)
  4 gnolls (D:2)
  2 adders
  A worm (D:2)
  3 dart slugs
  6 orcs (D:3)
  6 endoplasms
  3 goblins
  A hobgoblin (D:3)
  5 jackals
  A quokka (D:2)
  7 ball pythons
  5 bats
  3 frilled lizards (D:1)
  4 kobolds
  3 rats
59 creatures vanquished.

Notes
Turn   | Place    | Note
-------+----------+-------------------------------------------
     0 | D:1      | gobodom the Demonspawn Venom Mage began the quest for the
                  | Orb.
     0 | D:1      | Reached XP level 1. HP: 13/13 MP: 3/3
   436 | D:1      | Gained mutation: You regenerate a little health from kills.
                  | [demonic ancestry]
   436 | D:1      | Reached XP level 2. HP: 13/19 MP: 0/5
   848 | D:1      | Reached skill level 1 in Transmutations
  1693 | D:2      | Reached XP level 3. HP: 20/24 MP: 2/6
  1871 | D:2      | Found Qacioko's Weapon Shop.
  2069 | D:2      | Reached skill level 4 in Poison Magic
  2069 | D:2      | Reached XP level 4. HP: 19/30 MP: 0/7
  3009 | D:2      | Learned a level 2 spell: Poisonous Vapours
  3021 | D:3      | Noticed Jessica
  3023 | D:3      | Killed Jessica
  3028 | D:3      | Noticed Natasha
  3035 | D:3      | Killed Natasha
  3036 | D:3      | Gained mutation: You regenerate health from kills. [demonic
                  | ancestry]
  3036 | D:3      | Reached XP level 5. HP: 25/35 MP: 2/9
  3361 | D:3      | Noticed Natasha
  3368 | D:3      | Killed Natasha
  3592 | D:3      | Found a shimmering altar of Xom.
  3754 | D:3      | Found an opulent altar of Gozag.
  3785 | D:3      | Noticed Natasha
  3793 | D:3      | Killed Natasha
  3867 | D:3      | Killed from afar by an orc priest

Illustrated notes

Levels and vault maps discovered:
D:1:      dpeg_arrival_houses_and_road, layout_basic, kennysheep_another_room,
          minmay_misc_feat_iff, serial_park_tiny_1, interstate_on_off,
          palyth_stone_intersect, st_stairs_8, minmay_tromino_i2
D:2:      layout_basic, serial_shops, shop, minmay_misc_feat_roman,
          nicolae_concentric_dashed_squares_mild, kennysheep_pointless_box
D:3:      layout_basic, grunt_gozag_statues, tgw_xom, uniq_jessica, uniq_natasha

Skill      XL: |  1  2  3  4  5 |
---------------+----------------+-----
Transmutations | 1 2 |  2.2
Stealth        | 2 |  2.3
Poison Magic   | 4 |  4.5
Dodging        | 2 |  2.2
Spellcasting   | 3 |  3.3
Fighting       | |  0.4
Short Blades   | |  0.9

Action                   |  1- 3 |  4- 6 || total
-------------------------+-------+-------++-------
Melee: Short sword       |    30 |    40 ||    70
 Cast: Sting             |    52 |    54 ||   106
  Use: Scroll            |       |     5 ||     5
       Potion            |       |     1 ||     1
 Stab: Sleeping          |       |     1 ||     1
Armor: Robe              |     5 |    13 ||    18
Dodge: Dodged            |    37 |    26 ||    63

Table legend: (Time is in decaauts)
 A = Elapsed time spent in this place.
 B = Non-inter-level travel time spent in this place.
 C = Inter-level travel time spent in this place.
 D = Time resting spent in this place.
 E = Time spent auto-exploring this place.
 F = Levels seen in this place.
 G = Mean time per level.
                   A        B        C        D        E       F      G
               +--------+--------+--------+--------+--------+-----+--------+
         Total |   3871 |   3855 |     16 |      0 |   3426 |   3 | 1290.3 |
       Dungeon |   3871 |   3855 |     16 |      0 |   3426 |   3 | 1290.3 |
               +--------+--------+--------+--------+--------+-----+--------+

Top non-repeatable levels by time:
     D:1: 1567 daAuts
     D:2: 1442 daAuts
     D:3: 861 daAuts
